 Dungeon Sprint DCSS version 0.30-a0-137-gd8773701ce (webtiles) character file.

Game seed: 14191228114833519033

140 mhtbhm the Geomancer (level 5, -2/28 HPs)
             Began as a Gargoyle Earth Elementalist on Sept 24, 2022.
             Slain by a sixfirhy (4 damage)
             ... summoned by a kobold demonologist
             ... in the Dungeon (Sprint III: "The Ten Rune Challenge").
             The game lasted 00:01:01 (384 turns).

mhtbhm the Geomancer (Gargoyle Earth Elementalist)   Turns: 384, Time: 00:01:01

Health: -2/28      AC:  6    Str: 12    XL:     5   Next: 22%
Magic:  8/12       EV: 12    Int: 17    God:
Gold:   21         SH:  0    Dex: 10    Spells: 4/14 levels left

rFire   . . .      SeeInvis .    (no weapon)
rCold   . . .      Faith    .    (no shield)
rNeg    + . .      Spirit   .    a - +0 robe
rPois   ∞          Reflect  .    (no helmet)
rElec   +          Harm     .    (no cloak)
rCorr   .          Rampage  .    (no gloves)
Will    .....      NoTele   +    (no boots)
Stlth   ++........               (no amulet)
HPRegen 0.09/turn                (no ring)
MPRegen 0.13/turn                (no ring)

@: hasted, very quick
A: sickness immunity, AC +4, negative energy resistance 1, electricity
resistance, torment resistance 1, petrification resistance
a: no special abilities


You were in the Dungeon.
You visited 1 branch You collected 21 gold pieces.

Inventory:

Armour
 a - a +0 robe (worn)
Scrolls
 i - 3 scrolls of immolation {unknown}
 j - 3 scrolls of identify {unknown}
Potions
 b - 3 potions of magic
 c - a potion of curing
 f - a potion of berserk rage
 h - 2 potions of mutation {unknown}
 k - a potion of lignification {unknown}
 l - 2 potions of flight {unknown}
 m - 2 potions of brilliance {unknown}


   Skills:
 + Level 3.1 Dodging
 + Level 3.7 Stealth
 + Level 5.1 Spellcasting
 + Level 0.5 Conjurations
 + Level 0.7 Transmutations
 + Level 9.5 Earth Magic


You had 4 spell levels left.
You knew the following spells:

 Your Spells              Type           Power      Damage    Failure   Level
a - Sandblast             Erth           72%        2d16      1%          1
b - Passwall              Tmut/Erth      17%        N/A       2%          2
c - Stone Arrow           Conj/Erth      42%        3d9       5%          3
d - Petrify               Tmut/Erth      21%        N/A       17%         4

Your spell library contained the following spells:

 Spells                   Type           Power      Damage    Failure   Level


Dungeon Overview and Level Annotations

Branches:
Dungeon (1/1)

Altars:
Kikubaaqudgha
Sif Muna
Vehumet


Innate Abilities, Weirdness & Mutations

You are immune to sickness and miasma.
Your stone body is resilient. (AC +4)
You are immune to poison.
You resist negative energy. (rN+)
You are resistant to electric shocks. (rElec)
You are resistant to unholy torment.
You are immune to petrification.


Message History

You have reached level 5!
Casting: Sandblast (safe; 1% risk of failure)
Confirm with . or Enter, or press ? or * to list all spells.
Aiming: Sandblast (safe; 1% risk of failure)
Press: ? - help, Shift-Dir - straight line, f - kobold demonologist
Aim: a kobold demonologist, wielding a +0 dagger and wearing a +0 robe (78% to hit)
The blast of sand hits the kobold demonologist!
The kobold demonologist is almost dead.
The kobold demonologist mumbles some strange words.
The kobold demonologist gestures wildly while chanting.
Unknown command.
Unknown command.
Casting: Sandblast (safe; 1% risk of failure)
Confirm with . or Enter, or press ? or * to list all spells.
Aiming: Sandblast (safe; 1% risk of failure)
Press: ? - help, Shift-Dir - straight line, f/p - kobold demonologist
Aim: a kobold demonologist, wielding a +0 dagger and wearing a +0 robe (almost dead, 78% to hit)
The blast of sand hits the quasit!
The quasit is heavily wounded.
The sixfirhy hits you. The sixfirhy shocks you. You resist.
The sixfirhy barely misses you. The sixfirhy hits you! The sixfirhy shocks you.
You resist.
* * * LOW HITPOINT WARNING * * *
The kobold demonologist casts a spell.
Unknown command.
You feel much better. The sixfirhy barely misses you. The sixfirhy hits you!
The sixfirhy shocks you. You resist. The sixfirhy closely misses you.
Unknown command.
Blink to where?
Press: ? - help, Dir - move target, p - kobold demonologist
As you read the scroll of blinking, it crumbles to dust.
The kobold demonologist looks braver for a moment.
You close the door.
Something unseen opens the door.
The sixfirhy hits you. The sixfirhy shocks you. You resist.
Unknown command.
Okay, then.
You feel yourself speed up. The sixfirhy hits you!
* * * LOW HITPOINT WARNING * * *
The sixfirhy shocks you. You resist.
You die...

▓▓▓▓▓▓▓▓ ▓▓▓ <..#)..####
##.# ...#......#####..#
..##...)...#..#..#
##.##.##...#..#..###+#+###
##.##.###..##'#..#........
#.####.##..###...3.⌠......
.###†.##..####..@#...#####
#.....##†.###....#.⌠.#
###..##...##.....#...#
##..##....#......#3###
#..###..##.#.....#5K #).#
#..#####....#5__ ▓▓▓▓ ▓▓▓▓
▓▓▓▓▓▓▓▓▓▓


You could see a sixfirhy (summoned).

Vanquished Creatures
  A water elemental (D)
  Jessica (D)
  A wizard (D)
  A human (D)
  A wolf (D)
  2 rats (D)
7 creatures vanquished.

Vanquished Creatures (others)
  2 plants (D)
2 creatures vanquished.

Grand Total: 9 creatures vanquished

Notes
Turn   | Place    | Note
-------+----------+-------------------------------------------
     0 | D        | mhtbhm the Gargoyle Earth Elementalist began the quest for
                  | the Orb.
     0 | D        | Reached XP level 1. HP: 10/10 MP: 3/3
     8 | D        | Reached skill level 4 in Earth Magic
    92 | D        | Noticed Jessica
    93 | D        | Killed Jessica
    94 | D        | Reached skill level 6 in Earth Magic
    94 | D        | Reached XP level 2. HP: 15/15 MP: 3/6
    94 | D        | Reached XP level 3. HP: 19/19 MP: 3/7
   147 | D        | Learned a level 2 spell: Passwall
   151 | D        | Learned a level 3 spell: Stone Arrow
   163 | D        | Reached skill level 7 in Earth Magic
   237 | D        | Reached XP level 4. HP: 24/24 MP: 5/9
   259 | D        | Learned a level 4 spell: Petrify
   275 | D        | Noticed a water elemental
   278 | D        | Killed a water elemental
   279 | D        | Reached skill level 9 in Earth Magic
   376 | D        | Found a radiant altar of Vehumet.
   376 | D        | Found a shimmering blue altar of Sif Muna.
   376 | D        | Found an ancient bone altar of Kikubaaqudgha.
   376 | D        | Noticed a wizard
   377 | D        | Killed a wizard
   378 | D        | Reached skill level 5 in Spellcasting
   378 | D        | Reached XP level 5. HP: 28/28 MP: 9/12
   379 | D        | Noticed a sixfirhy
   380 | D        | Noticed a neqoxec
   384 | D        | Slain by a sixfirhy

Illustrated notes

Levels and vault maps discovered:
D:        dungeon_sprint_mu [sprint_mu_entry_cave, sprint_mu_temple_rooms,
          sprint_mu_d1_spiders, sprint_mu_d2_genie, sprint_mu_d3_branching,
          sprint_mu_orc_legion, sprint_mu_elf_gauntlet, sprint_mu_hive_nellie,
          sprint_mu_lair_fedhas, sprint_mu_vaults_butterflies,
          sprint_mu_slime_circle, sprint_mu_swamp_cave, sprint_mu_shoals_kraken,
          sprint_mu_blade_basic, sprint_mu_crypt_fortress,
          sprint_mu_tomb_spiral, sprint_mu_vestibule_basic,
          sprint_mu_gehenna_hellfire, sprint_mu_dis_giant,
          sprint_mu_tartarus_statrot, sprint_mu_cocytus_islands, sprint_mu_zot1]

Skill      XL: |  1  2  3  4 |
---------------+-------------+-----
Earth Magic    | 6 7 9 |  9.5
Dodging        | 2 3 |  3.1
Spellcasting   | 3 5 |  5.1
Stealth        | 3 |  3.7
Conjurations   | |  0.5
Transmutations | |  0.7

Action                   |  1- 3 |  4- 6 || total
-------------------------+-------+-------++-------
 Cast: Sandblast         |     7 |     4 ||    11
       Stone Arrow       |     2 |     2 ||     4
  Use: Potion            |       |     2 ||     2
       Scroll            |       |     1 ||     1
Armor: Robe              |     2 |       ||     2
Dodge: Dodged            |     1 |     3 ||     4

Table legend: (Time is in decaauts)
 A = Elapsed time spent in this place.
 B = Non-inter-level travel time spent in this place.
 C = Inter-level travel time spent in this place.
 D = Time resting spent in this place.
 E = Time spent auto-exploring this place.
 F = Levels seen in this place.
 G = Mean time per level.
                   A        B        C        D        E       F      G
               +--------+--------+--------+--------+--------+-----+--------+
         Total |    389 |    389 |      0 |    242 |     57 |   1 |  389.0 |
       Dungeon |    389 |    389 |      0 |    242 |     57 |   1 |  389.0 |
               +--------+--------+--------+--------+--------+-----+--------+

Top non-repeatable levels by time:
       D: 389 daAuts
